 Dungeon Crawl Stone Soup version 0.31-a0-1237-gabc64e778c (webtiles) character file.

Game seed: 4739148145337421711

8 Arzdou the Firebug (level 2, 19/19 HPs)
             Began as a Demonspawn Fire Elementalist on Dec 15, 2023.
             Quit the game on level 1 of the Dungeon.
             The game lasted 00:00:47 (260 turns).

Arzdou the Firebug (Demonspawn Fire Elementalist)    Turns: 260, Time: 00:00:47

Health: 19/19      AC:  2    Str:  8    XL:     2   Next: 0%
Magic:  0/5        EV: 12    Int: 15    God:
Gold:   24         SH:  0    Dex: 13    Spells: 4/5 levels left

rFire   . . .        e - +0 short sword
rCold   . . .        (no shield)
rNeg    . . .        a - +0 robe
rPois   .            (no helmet)
rElec   .            (no cloak)
rCorr   .            (no gloves)
SInv    .            (no boots)
Will    .....        (no amulet)
Stlth   ++           (no ring)
HPRegen 0.23/turn    (no ring)
MPRegen 0.09/turn

%: no passive effects
@: very slightly contaminated
A: claws 1
a: no special abilities


You were on level 1 of the Dungeon.
You visited 1 branch of the dungeon, and saw 1 of its levels.

You collected 24 gold pieces.

Inventory:

Hand Weapons
 e - a +0 short sword (weapon)
Armour
 a - a +0 robe (worn)
Scrolls
 d - a scroll of fear {unknown}
Potions
 b - a potion of magic
 c - 2 potions of enlightenment {unknown}


   Skills:
 - Level 1.8 Dodging
 - Level 1.9 Stealth
 + Level 2.1 Spellcasting
 + Level 1.3 Conjurations
 + Level 2.8 Fire Magic


You had 4 spell levels left.
You knew the following spells:

 Your Spells              Type           Power      Damage    Failure   Level
a - Foxfire               Conj/Fire      28%        2x1d5     10%         1

Your spell library contained the following spells:

 Spells                   Type           Power      Damage    Failure   Level
 Scorch                   Fire           20%        2d5       11%         2
 Apportation              Tloc           2%         N/A       22%         1
 Necrotise                Necr           4%         1d4       22%         1
 Summon Small Mammal      Summ           4%         N/A       22%         1
 Inner Flame              Hex/Fire       5%         N/A       36%         3
 Volatile Blastmotes      Fire/Tloc      10%        2d10      36%         3
 Flame Wave               Conj/Fire      7%         2d5       67%         4


Dungeon Overview and Level Annotations

Branches:
Dungeon (1/15)

Altars:


Innate Abilities, Weirdness & Mutations

You have sharp fingernails.


Message History

You are too injured to fight recklessly!
You barely miss the kobold.
The kobold hits you with a +0 short sword.
* * * LOW HITPOINT WARNING * * *
You barely miss the kobold. The kobold hits you but does no damage.
You are too injured to fight recklessly!
Casting: Foxfire (safe; 10% risk of failure)
Confirm with . or Enter, or press ? or * to list all spells.
You conjure some foxfire!
The kobold barely misses you.
The foxfire hits the kobold but does no damage. x2
Casting: Foxfire (safe; 10% risk of failure)
Confirm with . or Enter, or press ? or * to list all spells.
You conjure some foxfire!
The kobold barely misses you.
The foxfire hits the kobold.
The kobold is moderately wounded.
The foxfire hits the kobold.
You kill the kobold!
Things that are here:
a +0 short sword; a kobold corpse
e - a +0 short sword (weapon)
Things that are here:
a +0 whip; 4 stones; a kobold corpse You now have 17 gold pieces (gained 6).
Found a mace.
You see here a +0 mace.
You now have 24 gold pieces (gained 7).
A kobold comes into view. It is wielding a +0 short sword.
You miscast Foxfire.
You are very lightly contaminated with residual magic.
Nothing appears to happen.
You conjure some foxfire!
You conjure some foxfire!
The foxfire hits the kobold.
The kobold is heavily wounded.
You are out of magic!
The foxfire hits the kobold.
You kill the kobold!
You have reached level 2!
Your demonic ancestry asserts itself...
Your fingernails lengthen.
Are you sure you want to abandon this character and quit the game? (Confirm with "yes".)

....### ######..##
..#.#.######.##...#### .
...#.##.......... # .)
.v...#..........#### ..v
##§..#..............
....#§.........#.##.....
......§........#.##.....
#..§).....##.##.....
##.@.......#.##[....
.......§###..#.#..#.....
................#...##..
..........#####.##.....#
..........# #.###.†##
..........#####..##...#
......$$.........#....##
...##...#######.)#.##..#
######.........


There were no monsters in sight!

Vanquished Creatures
  An endoplasm (D:1)
  3 kobolds (D:1)
  A quokka (D:1)
  A ball python (D:1)
  2 rats (D:1)
8 creatures vanquished.

Vanquished Creatures (others)
  26 foxfires (D:1)
26 creatures vanquished.

Grand Total: 34 creatures vanquished

Notes
Turn   | Place    | Note
-------+----------+-------------------------------------------
     0 | D:1      | Arzdou the Demonspawn Fire Elementalist began the quest for
                  | the Orb.
     0 | D:1      | Reached XP level 1. HP: 13/13 MP: 3/3
   133 | D:1      | Found a faded altar of an unknown god.
   260 | D:1      | Gained mutation: You have sharp fingernails. [demonic
                  | ancestry]
   260 | D:1      | Reached XP level 2. HP: 19/19 MP: 0/5
   260 | D:1      | Quit the game

Illustrated notes

Levels and vault maps discovered:
D:1:      minmay_arrival_nine_rooms, layout_rooms,
          chequers_ecumenical_altar_island

Action                     || total
---------------------------++-------
  Melee: Unarmed           ||    22
   Cast: Foxfire           ||    16
 Armour: Robe              ||    13
  Dodge: Dodged            ||    15

Table legend: (Time is in decaauts)
 A = Elapsed time spent in this place.
 B = Non-inter-level travel time spent in this place.
 C = Inter-level travel time spent in this place.
 D = Time resting spent in this place.
 E = Time spent auto-exploring this place.
 F = Levels seen in this place.
 G = Mean time per level.
                   A        B        C        D        E       F      G
               +--------+--------+--------+--------+--------+-----+--------+
         Total |    263 |    252 |     11 |      0 |    183 |   1 |  263.0 |
       Dungeon |    263 |    252 |     11 |      0 |    183 |   1 |  263.0 |
               +--------+--------+--------+--------+--------+-----+--------+

Top non-repeatable levels by time:
     D:1: 263 daAuts
